 Dungeon Crawl Stone Soup version 0.29.0-4-gdea44cf6ec (webtiles) character file.

Game seed: 15486081752990892802

115 qw the Chopper (level 5, -8/30 HPs)
             Began as a Tengu Warper on Aug 28, 2022.
             Killed by divine providence
             ... invoked by an orc priest
              (15 damage)
             ... on level 3 of the Dungeon.
             The game lasted 00:00:11 (2038 turns).

qw the Chopper (Tengu Warper)                       Turns: 2038, Time: 00:00:12

Health: -8/30      AC:  6    Str: 19    XL:     5   Next: 0%
Magic:  9/9        EV: 12    Int: 13    God:
Gold:   82         SH:  0    Dex: 14    Spells: 8/8 levels left

rFire   . . .      SeeInvis .   Y - +1 hand axe
rCold   . . .      Faith    .   (no shield)
rNeg    . . .      Spirit   .   h - +0 scale mail
rPois   +          Reflect  .   (helmet restricted)
rElec   .          Harm     .   (no cloak)
rCorr   .          Rampage  .   (no gloves)
Will    .....                   (boots unavailable)
Stlth   ..........              (no amulet)
HPRegen 0.10/turn               l - +6 ring of strength
MPRegen 0.11/turn               a - ring of poison resistance

@: flying quickly and evasively, quick
A: beak, talons 3, nimble flight
a: no special abilities


You were on level 3 of the Dungeon.
You visited 1 branch of the dungeon, and saw 3 of its levels.

You collected 148 gold pieces.
You spent 66 gold pieces at shops.


Innate Abilities, Weirdness & Mutations

You have a beak for a mouth.
You have claws for feet.
Your magical nature lets you fly swiftly and evasively.


   Skills:
 - Level 2.0 Fighting
 + Level 5.5 Axes
 - Level 1.0 Throwing
 - Level 1.1 Armour
 - Level 2.1 Dodging
 - Level 2.0 Spellcasting
 - Level 2.4 Translocations


You had 8 spell levels left.
You didn't know any spells.
Your spell library contained the following spells:

 Spells                   Type           Power      Damage    Failure   Level
 Blink                    Tloc           14%        N/A       41%         2
 Gell's Gravitas          Tloc           7%         N/A       65%         3
 Lesser Beckoning         Tloc           7%         N/A       65%         3
 Teleport Other           Tloc           7%         N/A       65%         3
 Manifold Assault         Tloc           7%         N/A       100%        5

Inventory:

Hand Weapons
 k - a +0 mace
 Y - a +1 hand axe (weapon)
Missiles
 f - 2 silver javelins (quivered)
Armour
 h - a +0 scale mail (worn)
Jewellery
 a - a ring of poison resistance (right hand)
 g - a ring of fire
 l - a +6 ring of strength (left hand)
Scrolls
 c - a scroll of identify
Potions
 b - a potion of degeneration {unknown}
 d - a potion of flight {unknown}
 e - a potion of magic {unknown}
 j - a potion of lignification {unknown}
 m - a potion of attraction {unknown}

Dungeon Overview and Level Annotations

Branches:
Dungeon (3/15)

Altars:

Shops:
D:2 (


Message History

The orc shouts!
You hit the adder. You claw the adder!
You kill the adder!
You hit the giant cockroach.
You kill the giant cockroach!
The orc wizard gestures wildly while chanting.
The orc wizard flickers and vanishes!
Deactivating autopickup; reactivate with Ctrl-A.
You closely miss the orc. Your kick misses the orc. You peck the orc.
The orc is moderately wounded.
The orc hits you with a +0 whip.
You hit the orc. You claw the orc.
You kill the orc!
You hit the frilled lizard.
You kill the frilled lizard!
You hit something. Your kick misses something. Something hits you.
You closely miss something. You hit the orc but do no damage. You hit the orc.
Your kick misses the orc.
The orc is heavily wounded.
The orc hits you with a +0 club.
You hit the orc.
The orc is almost dead.
The orc closely misses you.
You barely miss the orc.
The orc is almost dead.
The orc closely misses you.
You slash the orc!
You kill the orc!
You hear some strange, mumbled words.
A puff of flame appears from out of thin air!
The puff of flame hits you!
You have reached level 5!
Your magical nature develops, letting you fly swiftly and evasively.
You barely miss the orc priest. Your kick misses the orc priest.
The orc priest mumbles some strange prayers to Beogh against you.
Beogh smites you!
Ouch! That really hurt!
You die...

...........(.
...........
......... .......
..... .{. #o# #@#
#.##### #.#
>...... #.#
#######
#.################
#......)..........
############......
#.###.. #.##...
#.###..


You could see an orc priest.

Vanquished Creatures
  Robin (D:2)
  5 adders
  A dart slug (D:1)
  3 orcs (D:3)
  3 endoplasms
  2 giant cockroaches
  7 hobgoblins
  A quokka (D:2)
  4 ball pythons (D:1)
  5 bats
  A frilled lizard (D:3)
  14 goblins
  3 kobolds (D:2)
  3 rats
53 creatures vanquished.

Vanquished Creatures (others)
  A fungus (D:2)
  A plant (D:2)
2 creatures vanquished.

Grand Total: 55 creatures vanquished

Notes
Turn   | Place    | Note
-------+----------+-------------------------------------------
     0 | D:1      | qw the Tengu Warper began the quest for the Orb.
     0 | D:1      | Reached XP level 1. HP: 12/12 MP: 4/4
     0 | D:1      | 0 ||| qw: Version: 0.1-a-89-g26bdef1
     0 | D:1      | 0 ||| qw: Game counter: 697
     0 | D:1      | 0 ||| qw: Always use a shield: true
     0 | D:1      | 0 ||| qw: God list: Okawaru
     0 | D:1      | 0 ||| qw: Allow faded altars: false
     0 | D:1      | 0 ||| qw: Do Orc after D:15 true
     0 | D:1      | 0 ||| qw: Do second Lair branch before Depths: true
     0 | D:1      | 0 ||| qw: Lair rune preference: random
     0 | D:1      | 0 ||| qw: Plans: Normal
     0 | D:1      | 0 ||| PLANNING D:1-11
   149 | D:1      | Reached skill level 3 in Axes
   149 | D:1      | Reached XP level 2. HP: 17/17 MP: 6/6
   277 | D:1      | 277 ||| Stepping ~*~*~tactically~*~*~ (stealth).
   501 | D:1      | 501 ||| Stepping ~*~*~tactically~*~*~ (stealth).
   641 | D:1      | 641 ||| UPGRADING to +0 scale mail.
   651 | D:1      | 651 ||| DROPPING +0 leather armour.
   652 | D:1      | 652 ||| UPGRADING to +6 ring of strength.
   653 | D:1      | 653 ||| READING 3 scrolls labelled WOAGOE RITO.
   654 | D:1      | 654 ||| READING scroll labelled XIMYNE EMEPOA.
   655 | D:1      | 655 ||| READING 3 scrolls labelled XIPAUL HORE.
   656 | D:1      | 656 ||| READING scroll labelled ATTESU OMIME.
   785 | D:1      | 785 ||| READING scroll labelled JIPSI HAWECINO.
   786 | D:1      | 786 ||| DROPPING 2 scrolls of vulnerability.
   787 | D:1      | 787 ||| DROPPING scroll of blinking.
   788 | D:1      | 788 ||| DROPPING 2 scrolls of immolation.
   869 | D:2      | Found a faded altar of an unknown god.
   878 | D:2      | Reached XP level 3. HP: 21/21 MP: 7/7
   882 | D:2      | Reached skill level 4 in Axes
   988 | D:2      | Noticed Robin
   989 | D:2      | 989 ||| Stepping ~*~*~tactically~*~*~ (hiding).
   993 | D:2      | 993 ||| Stepping ~*~*~tactically~*~*~ (hiding).
  1002 | D:2      | Killed Robin
  1020 | D:2      | Reached XP level 4. HP: 19/26 MP: 8/8
  1232 | D:2      | Found Nuaken's Antique Weapon Boutique.
  1262 | D:2      | 1262 ||| BUYING mace (66 gold).
  1262 | D:2      | Bought a mace for 66 gold pieces
  1262 | D:2      | 1262 ||| SHOPLISTING war axe (77 gold, have 7).
  1262 | D:2      | 1262 ||| DROPPING +0 club.
  1270 | D:2      | 1270 ||| Stepping ~*~*~tactically~*~*~ (stealth).
  1271 | D:2      | 1271 ||| Stepping ~*~*~tactically~*~*~ (stealth).
  1273 | D:2      | 1273 ||| Stepping ~*~*~tactically~*~*~ (stealth).
  1421 | D:2      | Reached skill level 5 in Axes
  1760 | D:2      | 1760 ||| UPGRADING to ring of poison resistance.
  1761 | D:2      | 1761 ||| DROPPING ring of flight.
  1762 | D:2      | 1762 ||| READING scroll labelled SER ZE NAKHO.
  1763 | D:2      | 1763 ||| READING scroll labelled JEN SYXENY.
  1764 | D:2      | 1764 ||| DRINKING 2 fuming amethyst potions.
  1869 | D:2      | 1869 ||| DROPPING potion of berserk rage.
  2037 | D:3      | HP: 6/26 [something/puff of flame (11)]
  2038 | D:3      | Gained mutation: Your magical nature lets you fly swiftly
                  | and evasively. [Tengu growth]
  2038 | D:3      | Reached XP level 5. HP: 7/30 MP: 9/9
  2038 | D:3      | Killed from afar by an orc priest

Levels and vault maps discovered:
D:1:      amcnicky_arrival_feature_with_door, layout_basic
D:2:      layout_loops_ring, dreamdust_ecumenical_altar_grove, serial_shops,
          shop, serial_bayou_crossing, uniq_robin
D:3:      layout_basic, mainiacjoe_overflow_paths,
          amethyst_overflow_temple_binary

Skill      XL: |  1  2  3  4 |
---------------+-------------+-----
Axes           | 3 4 5 |  5.5
Fighting       | |  2.0
Throwing       | |  1.0
Armour         | |  1.1
Dodging        | |  2.1
Spellcasting   | |  2.0
Translocations | |  2.4

Action                   |  1- 3 |  4- 6 || total
-------------------------+-------+-------++-------
Melee: Hand axe          |    68 |    44 ||   112
       Kick              |    10 |     8 ||    18
       Peck              |     6 |     6 ||    12
Throw: Boomerang         |     7 |       ||     7
       Javelin           |       |    13 ||    13
  Use: Scroll            |     5 |     2 ||     7
       Potion            |       |     1 ||     1
Armor: Leather armour    |     6 |       ||     6
       Scale mail        |    17 |    11 ||    28
Dodge: Dodged            |    33 |    14 ||    47

Table legend:
 A = Non-vault XP
 B = Vault XP
 C = Vault XP percentage of total XP
 D = Non-vault monster count
 E = Vault monster count
 F = Vault count percentage of total count
                 A         B        C        D         E       F
            +---------+---------+-------+---------+---------+-------
      Total |     128 |      37 |  22.4 |      40 |      13 |  24.5
            +---------+---------+-------+---------+---------+-------
        D:1 |      28 |       0 |   0.0 |      15 |       0 |   0.0
        D:2 |      71 |      37 |  34.3 |      16 |      13 |  44.8
        D:3 |      29 |       0 |   0.0 |       9 |       0 |   0.0
            +---------+---------+-------+---------+---------+-------
